 Dungeon Crawl Stone Soup version 0.18-a0-1562-gac8da35 (webtiles) character file.

519569 Ratboiler the Ninja (level 24, -4/117 HPs)
             Began as a Felid Wanderer on Mar 11, 2016.
             Was the Champion of Dithmenos.
             Slain by an Orb Guardian (18 damage)
             ... on level 5 of the Realm of Zot on Mar 13, 2016.
             The game lasted 08:24:05 (123441 turns).

Ratboiler the Ninja (Felid Wanderer)              Turns: 123441, Time: 08:24:06

Health: -4/117     AC:  3    Str: 10    XL:     24   Next: 7%
Magic:  0/49       EV: 37    Int: 25    God:    Dithmenos [******]
Gold:   3625       SH:  0    Dex: 18    Spells: 14 memorised, 0 levels left
                                        Lives:  0   Deaths: 7

rFire  + + +     SeeInvis +       - Unarmed
rCold  . . .     Gourm    .     (armour unavailable)
rNeg   . . .     Faith    .     (shield unavailable)
rPois  .         Spirit   +     (helmet unavailable)
rElec  .         Dismiss  .     (cloak unavailable)
rCorr  .         Reflect  .     (gloves unavailable)
SustAt .         Harm     .     (boots unavailable)
MR     ++++.     Clarity  +     z - amulet of guardian spirit
Stlth  ++++++++++               B - ring of protection from fire
                                Z - ring of Izobarat {Fire MR+ MP+9 Int+2}

@: mighty, sluggish, wreathed by umbra, repel missiles, slow, incredibly
resistant to hostile enchantments, uncannily stealthy
A: no armour, no weapons or thrown items, claws 1, fangs 3, see invisible,
carnivore 3, clarity, deterioration 1, fire resistance 1, speed 1, screaming 1,
shaggy fur 3, slow metabolism 1, weak 1, subdued magic 1, sharp paws
a: Shadow Step, Shadow Form, Renounce Religion
}: 3/15 runes: decaying, silver, gossamer


You were on level 5 of the Realm of Zot.
You worshipped Dithmenos.
Dithmenos was exalted by your worship.
You were very full.

You visited 9 branches of the dungeon, and saw 51 of its levels.

You collected 7078 gold pieces.
You spent 3453 gold pieces at shops.

Inventory:

Jewellery
 l - an uncursed ring of resist corrosion
 m - the ring of Nihilism {Ice rPois Slay+3}
   (You took it off a deep elf annihilator on level 3 of the Elven Halls)

   [ring of ice]

   It enhances your ice magic, and weakens your fire magic.
   It affects your accuracy and damage with ranged weapons and melee attacks
   (+3).
   It makes you vulnerable to fire.
   It protects you from cold.
   It protects you from poison.
 o - the amulet of the Madman {Reflect rF+ SH+4}
   (You acquired it on level 5 of the Depths)

   [amulet of reflection]

   It shields you and reflects attacks.
   It protects you from fire.
   It affects your SH (+4).
 z - an amulet of guardian spirit (around neck)
 B - a ring of protection from fire (right paw)
 R - an uncursed ring of poison resistance
 Z - the ring of Izobarat (left paw) {Fire MR+ MP+9 Int+2}
   (You bought it in a shop on level 13 of the Dungeon)

   [ring of fire]

   It enhances your fire magic, and weakens your ice magic.
   It affects your intelligence (+2).
   It protects you from fire.
   It makes you vulnerable to cold.
   It affects your resistance to hostile enchantments.
   It affects your magic capacity (+9).
Wands
 g - a wand of digging (0/24)
 w - a wand of teleportation (4/9)
 T - a wand of heal wounds (1/9)
Scrolls
 d - 14 scrolls of remove curse
 h - 3 scrolls of fear
 q - 8 scrolls of identify
 E - 2 scrolls of silence
 I - a scroll of holy word
 O - 6 scrolls of fog
 U - 4 scrolls of teleportation
Potions
 j - 7 potions of flight
 k - 4 potions of brilliance
 n - a potion of might
 p - 13 potions of curing
 t - 6 potions of lignification
 u - 2 potions of cancellation
 x - 2 potions of berserk rage
 F - a potion of invisibility
 K - a potion of resistance
 N - 4 potions of cure mutation
 S - 2 potions of ambrosia
Books
 a - a book of Maledictions

   Spells                             Type                      Level
   a - Corona                         Hexes                        1
   b - Ensorcelled Hibernation        Hexes/Ice                    2
   c - Confuse                        Hexes                        3
   d - Tukima's Dance                 Hexes                        3
   e - Dazzling Spray                 Conjuration/Hexes            3
 b - a book of Hinderance

   Spells                             Type                      Level
   a - Confusing Touch                Hexes                        2
   b - Confuse                        Hexes                        3
   c - Gell's Gravitas                Hexes/Translocation          3
   d - Petrify                        Transmutation/Earth          4
   e - Metabolic Englaciation         Hexes/Ice                    5
   f - Yara's Violent Unravelling     Hexes/Transmutation          5
 e - the Grimoire of the Snowflakes
   (You found it on level 4 of the Swamp)

   Spells                             Type                      Level
   a - Freeze                         Ice                          1
   b - Ensorcelled Hibernation        Hexes/Ice                    2
   c - Ozocubu's Armour               Charms/Ice                   3
   d - Ice Form                       Ice/Transmutation            4
   e - Summon Ice Beast               Ice/Summoning                4
   f - Simulacrum                     Ice/Necromancy               6
 f - a book of the Tempests

   Spells                             Type                      Level
   a - Static Discharge               Conjuration/Air              3
   b - Lightning Bolt                 Conjuration/Air              5
   c - Fireball                       Conjuration/Fire             5
   d - Tornado                        Air                          9
   e - Shatter                        Earth                        9
 i - a book of Party Tricks

   Spells                             Type                      Level
   a - Summon Butterflies             Summoning                    1
   b - Apportation                    Translocation                1
   c - Tukima's Dance                 Hexes                        3
   d - Alistair's Intoxication        Transmutation/Poison         5
   e - Invisibility                   Hexes                        6
 s - the Compendium of Damaging Weightlessness
   (You found it on level 2 of the Vaults)

   Spells                             Type                      Level
   a - Swiftness                      Charms/Air                   2
   b - Lightning Bolt                 Conjuration/Air              5
   c - Poisonous Cloud                Conjuration/Poison/Air       6
   d - Freezing Cloud                 Conjuration/Ice/Air          6
 v - a book of Power

   Spells                             Type                      Level
   a - Fulminant Prism                Conjuration/Hexes            4
   b - Iskenderun's Mystic Blast      Conjuration                  4
   c - Venom Bolt                     Conjuration/Poison           5
   d - Bolt of Magma                  Conjuration/Fire/Earth       5
   e - Iron Shot                      Conjuration/Earth            6
   f - Orb of Destruction             Conjuration                  7
   g - Spellforged Servitor           Conjuration/Summoning        7
 y - a book of Cantrips

   Spells                             Type                      Level
   a - Corona                         Hexes                        1
   b - Animate Skeleton               Necromancy                   1
   c - Summon Small Mammal            Summoning                    1
   d - Apportation                    Translocation                1
 A - a book of Annihilations

   Spells                             Type                      Level
   a - Poison Arrow                   Conjuration/Poison           6
   b - Chain Lightning                Conjuration/Air              8
   c - Lehudib's Crystal Spear        Conjuration/Earth            8
   d - Glaciate                       Conjuration/Ice              9
   e - Fire Storm                     Conjuration/Fire             9
 D - a book of Minor Magic

   Spells                             Type                      Level
   a - Magic Dart                     Conjuration                  1
   b - Blink                          Translocation                2
   c - Call Imp                       Summoning                    2
   d - Repel Missiles                 Charms/Air                   2
   e - Slow                           Hexes                        2
   f - Conjure Flame                  Conjuration/Fire             3
   g - Mephitic Cloud                 Conjuration/Poison/Air       3
 G - a book of Callings

   Spells                             Type                      Level
   a - Summon Small Mammal            Summoning                    1
   b - Call Imp                       Summoning                    2
   c - Call Canine Familiar           Summoning                    3
   d - Summon Guardian Golem          Hexes/Summoning              3
   e - Summon Lightning Spire         Summoning/Air                4
   f - Summon Ice Beast               Ice/Summoning                4
 J - a Young Poisoner's Handbook

   Spells                             Type                      Level
   a - Sting                          Conjuration/Poison           1
   b - Cure Poison                    Poison                       2
   c - Mephitic Cloud                 Conjuration/Poison/Air       3
   d - Olgreb's Toxic Radiance        Poison                       4
   e - Venom Bolt                     Conjuration/Poison           5
 M - a book of the Sky

   Spells                             Type                      Level
   a - Summon Lightning Spire         Summoning/Air                4
   b - Airstrike                      Air                          4
   c - Silence                        Hexes/Air                    5
   d - Deflect Missiles               Charms/Air                   6
   e - Conjure Ball Lightning         Conjuration/Air              6
   f - Tornado                        Air                          9
 Q - a book of Summonings

   Spells                             Type                      Level
   a - Recall                         Summoning/Translocation      3
   b - Aura of Abjuration             Summoning                    5
   c - Summon Demon                   Summoning                    5
   d - Summon Forest                  Summoning/Translocation      5
   e - Summon Mana Viper              Hexes/Summoning              5
   f - Shadow Creatures               Summoning                    6
 V - a Fen Folio

   Spells                             Type                      Level
   a - Corpse Rot                     Necromancy                   2
   b - Stone Arrow                    Conjuration/Earth            3
   c - Leda's Liquefaction            Hexes/Earth                  4
   d - Summon Forest                  Summoning/Translocation      5
   e - Hydra Form                     Transmutation                6
   f - Summon Hydra                   Summoning                    7
 X - the Grimoire of Attacks
   (You found it on level 1 of the Elven Halls)

   Spells                             Type                      Level
   a - Conjure Flame                  Conjuration/Fire             3
   b - Irradiate                      Conjuration/Transmutation    5
   c - Orb of Destruction             Conjuration                  7
 Y - a book of Necromancy

   Spells                             Type                      Level
   a - Pain                           Necromancy                   1
   b - Animate Skeleton               Necromancy                   1
   c - Vampiric Draining              Necromancy                   3
   d - Regeneration                   Charms/Necromancy            3
   e - Animate Dead                   Necromancy                   4
   f - Control Undead                 Necromancy                   4
Miscellaneous
 C - a legendary deck of summoning {Repulsiveness}
Comestibles
 c - 5 meat rations


   Skills:
 - Level 17.0 Fighting
 - Level 23.1 Dodging
 O Level 27 Stealth
 - Level 18.0 Unarmed Combat
 - Level 12.0 Spellcasting
 * Level 19.5 Conjurations
 - Level 14.0 Hexes
 - Level 5.0 Charms
 - Level 10.1 Ice Magic
 - Level 8.0 Air Magic
 - Level 7.4 Earth Magic
 - Level 11.0 Invocations
 - Level 1.1 Evocations


You couldn't memorise any spells.
You knew the following spells:

 Your Spells              Type           Power        Failure   Level  Hunger
a - Magic Dart            Conj           ####         0%          1    None
b - Ensorcelled Hibernat  Hex/Ice        ####..       0%          2    None
c - Confuse               Hex            ######..     0%          3    None
d - Summon Mana Viper     Hex/Summ       ####....     3%          5    ###....
e - Orb of Destruction    Conj           ######....   1%          7    ######.
f - Summon Butterflies    Summ           ##......     1%          1    None
g - Invisibility          Hex            ######..     1%          6    #####..
h - Apportation           Tloc           ##........   1%          1    None
i - Regeneration          Chrm/Necr      ###.......   1%          3    None
j - Cure Poison           Pois           ##........   3%          2    None
k - Repel Missiles        Chrm/Air       ####..       1%          2    None
l - Freezing Cloud        Conj/Ice/Air   ####......   1%          6    #####..
m - Iron Shot             Conj/Erth      ######....   1%          6    #####..
n - Swiftness             Chrm/Air       ####....     1%          2    None


Dungeon Overview and Level Annotations

Branches:
Dungeon (15/15)            Temple (0/1) D:6            Lair (8/8) D:11
  Swamp (4/4) Lair:5       Spider (4/4) Lair:5        Slime (0/6) Lair:8
    Orc (2/2) D:12            Elf (3/3) Orc:2        Vaults (5/5) D:13
  Crypt (0/3) Vaults:3     Depths (5/5) D:15            Zot (5/5) Depths:5

Altars:
Dithmenos
Fedhas
Gozag
Kikubaaqudgha
Makhleb
Vehumet
Xom
Yredelemnul
The Shining One
Beogh

Shops:
D:6 *   D:12 *[   D:13 *   D:14 =!*=   D:15 %   Orc:2 (}}?   Vaults:1 (
Vaults:2 [[*   Vaults:4 (   Depths:5 ?*

Portals:
Hell: Depths:1 Depths:2 Depths:3 Depths:5
Abyss: Depths:1 Depths:3 Depths:4
Pandemonium: Depths:3
Ziggurat: Depths:1

Annotations:
D:2 exclusion: downstairs
D:3 dvd's ghost, amateur OpTm
D:4 Pikel
D:5 Eustachio
D:7 exclusion: door
D:8 2 exclusions, Psyche
D:10 Nergalle
D:12 Rupert
Lair:1 1 exclusion, Fannar
Lair:2 Gastronok
Lair:6 Snorg
Swamp:1 Donald; Nikola
Swamp:3 exclusion: upstairs
Swamp:4 exclusion: upstairs, Lernaean hydra
Spider:1 Aizul
Spider:2 exclusion: downstairs
Spider:4 1 exclusion, Kirke
Depths:4 3 runed doors, the Enchantress
Depths:5 Mennas


Innate Abilities, Weirdness & Mutations

You cannot wear armour.
You are incapable of wielding weapons or throwing items.
You have sharp claws.
You have razor-sharp teeth.
You have supernaturally acute eyesight.
You are carnivorous and can eat meat at any time.
You cover ground quickly.
Your thick and shaggy fur keeps you warm (AC +3, rC+).
You have a slow metabolism.
Your sharp claws are effective at attacking unaware monsters.
You possess an exceptional clarity of mind.
Your body sometimes deteriorates upon taking damage.
Your flesh is heat resistant.
You occasionally shout uncontrollably at your foes.
You are weak. (Str -2)
Your spells are a little easier to cast, but a little less powerful.


Message History

You claw the Orb Guardian! Your bite misses the Orb Guardian.
The Orb Guardian is severely wounded.
The Orb Guardian barely misses you.
You scratch the Orb Guardian but do no damage.
The Orb Guardian is severely wounded.
Your shadow hits the Orb Guardian. The Orb Guardian hits you!!!
You emit a cloud of dark smoke.
You barely miss the Orb Guardian.
The Orb Guardian is almost dead.
The Orb Guardian misses you.
You barely miss the Orb Guardian.
You bite the Orb Guardian, but do no damage.
The Orb Guardian is almost dead.
Your shadow hits the Orb Guardian but does no damage.
The Orb Guardian hits you!!!
* * * LOW HITPOINT WARNING * * *
You feel sluggish.
Drink which item? (? for menu, Esc to quit)
Magic courses through your body. The Orb Guardian hits you!!!
You die...

,,,,,,........## #.............#
,,,,,..........# ##...........##
...............# #....(......#
...............# ##...........##
...............# #...........^.#
........)......# ##.............#
...............###...............
..............###§..###########..
............§##X@§.## ##.
............X§X§§### ##
....##▓#▓▓▓▓▓▓▓▓▓#
.............▓▓▓▓
......X.........▓## *
.......X..........## **
...................# ********* *,
...........^(......▓**,,,,,,,***,
...................▓*,,,,,,,,,**,


You could see 2 Orb Guardians.

Vanquished Creatures
  4 ancient liches (Zot:5)
  An orb of fire (Zot:5)
  Sojobo (Vaults:2)
  Norris (D:13)
  Frederick (Depths:5)
  3 Killer Klowns
  Margery (Depths:2)
  Saint Roka (Vaults:2)
  2 caustic shrikes
  2 curse toes
  7 golden dragons
  3 electric golems
  16 tentacled monstrosities
  A titan (Vaults:5)
  A deep elf blademaster (Elf:3)
  A lich (Depths:3)
  Asterion (Vaults:2)
  12 Orb Guardians (Zot:5)
  A deep elf master archer (Elf:3)
  3 quicksilver dragons
  5 sphinxes
  7 death cobs
  6 shadow dragons
  2 thorn hunters (Swamp:4)
  3 draconian monks
  12 storm dragons
  11 tengu reavers
  9 fire giants
  10 frost giants
  22 vault wardens
  9 deep elf elementalists
  3 draconian zealots
  An iron dragon (Vaults:5)
  2 ghouls
  A ghost moth (shapeshifter) (Vaults:5)
  3 ghost moths
  5 draconian scorchers
  10 draconian knights
  5 deep elf sorcerers
  An emperor scorpion (Spider:4)
  2 draconian shifters
  3 draconian annihilators
  29 ironheart preservers
  2 war gargoyles
  2 vampire knights (Depths:3)
  21 stone giants
  17 very ugly things
  2 grey draconians (Depths:5)
  8 spriggan defenders
  10 green draconians
  4 draconian callers
  3 salamander stormcallers
  7 deep elf demonologists
  15 spark wasps
  7 red draconians
  10 deep elf annihilators
  12 purple draconians
  13 mottled draconians
  9 yellow draconians
  12 white draconians
  11 black draconians
  4 deep elf death magi
  8 ettins
  41 vault guards
  24 fire dragons
  8 great orbs of eyes
  18 ice dragons
  6 deep elf high priests
  13 yaktaur captains
  22 hydras
  8 entropy weavers
  8 rakshasas
  A catoblepas (D:15)
  2 death knights (Vaults:4)
  3 spriggan air magi
  22 centaur warriors
  23 ogre magi
  A queen ant (Lair:1)
  5 alligators
  4 death yaks (Lair:8)
  Erolcha (D:12)
  The ghost of Chiseanne the Nimble, a journeyman SpAs of Gozag (D:14)
  3 deep troll shamans
  27 dancing weapons
  7 tengu warriors
  An orc high priest (Elf:1)
  3 spriggan berserkers
  10 deep troll earth magi
  A vampire mage (Depths:5)
  A soul eater (Depths:5)
  2 shadow wraiths
  A titan skeleton (Vaults:4)
  3 fire crabs
  A skeletal warrior (D:15)
  8 hell knights
  30 deep elf knights
  A fire crab (shapeshifter) (Vaults:4)
  23 deep trolls
  A spriggan druid (Swamp:4)
  A death drake (shapeshifter) (Vaults:3)
  2 swamp dragons (shapeshifter)
  5 flayed ghosts
  2 giant orange brains
  12 deep elf archers
  4 unseen horrors (Vaults:1)
  9 hill giants
  A deep troll (shapeshifter) (Depths:3)
  A shambling mangrove (Swamp:3)
  2 lindwurms (Lair:8)
  13 orc knights
  A tengu zombie (D:15)
  A human zombie (Vaults:2)
  8 swamp dragons
  6 griffons
  6 harpies
  A sphinx zombie (D:15)
  9 necromancers
  5 phantasmal warriors
  A lindwurm (shapeshifter) (Vaults:5)
  81 deep elf magi
  13 orb spiders
  16 ironbrand convokers
  13 hornets
  9 cyclopes
  15 wolf spiders
  A manticore (D:12)
  5 salamanders
  A hornet (shapeshifter) (Depths:4)
  9 orc sorcerers (Orc:2)
  2 wizards
  A manticore (shapeshifter) (Vaults:4)
  A fire giant zombie (Vaults:2)
  2 salamanders (shapeshifter)
  18 moths of wrath
  3 centaur zombies (D:15)
  72 ugly things
  6 black mambas
  A faun (shapeshifter) (Depths:3)
  29 elephants
  Maurice (D:11)
  A stone giant skeleton (Vaults:2)
  2 molten gargoyles (D:14)
  An elf zombie (D:15)
  24 vault sentinels
  2 torpor snails (shapeshifter)
  A rust devil (Depths:3)
  10 spiny frogs
  An elephant (shapeshifter) (Depths:5)
  4 torpor snails
  2 gargoyles
  5 centaur skeletons
  12 komodo dragons
  A kobold demonologist (D:13)
  6 demonic crawlers
  46 yaktaurs
  4 rime drakes
  A rime drake (shapeshifter) (Vaults:2)
  3 komodo dragons (shapeshifter)
  9 freezing wraiths
  2 human skeletons (Vaults:4)
  2 yaktaurs (shapeshifter)
  A guardian mummy (D:15)
  15 trolls
  37 two-headed ogres
  3 tengu conjurers
  A giant leech (Swamp:1)
  A polar bear (shapeshifter) (Elf:3)
  25 jumping spiders
  A merfolk (shapeshifter) (Depths:4)
  58 slime creatures
  5 boulder beetles
  3 polar bears
  8 bog bodies
  7 blink frogs
  2 human simulacra (Vaults:2)
  A centaur simulacrum (D:14)
  7 spriggans
  6 air elementals
  5 wraiths
  5 shadows
  29 tarantellas
  55 redbacks
  9 water elementals
  7 wyverns
  58 yaks
  A human (shapeshifter) (Depths:4)
  4 basilisks
  4 fire elementals
  11 hippogriffs
  22 humans
  33 vampire mosquitoes
  5 mottled dragons
  A hungry ghost (D:15)
  7 insubstantial wisps
  A warg (shapeshifter) (Vaults:2)
  A mottled dragon (shapeshifter) (Vaults:4)
  7 swamp worms
  A soldier ant (shapeshifter) (Vaults:4)
  2 wargs
  Duvessa (D:4)
  16 water moccasins
  20 soldier ants (Lair:1)
  9 porcupines
  A tengu skeleton (D:15)
  A water moccasin (shapeshifter) (Vaults:1)
  3 sky beasts
  A sky beast (shapeshifter) (Vaults:4)
  45 orc warriors
  8 swamp drakes
  2 ettin simulacra
  73 ogres
  5 ice beasts
  A wasp (shapeshifter) (Vaults:3)
  10 wasps
  3 slaves
  A black bear (shapeshifter) (Depths:3)
  A necrophage (D:13)
  8 boggarts (Vaults:2)
  4 phantoms
  3 black bears
  28 centaurs
  An elf skeleton (Vaults:4)
  24 wolves
  17 crocodiles
  2 big kobolds (D:12)
  3 elf simulacra
  17 giant frogs
  6 gnoll sergeants
  4 earth elementals
  2 scorpions
  Dowan (D:4)
  A wyvern skeleton (D:10)
  A water moccasin skeleton (D:6)
  An orc simulacrum (Vaults:2)
  10 killer bees
  3 wights (D:15)
  3 electric eels
  5 howler monkeys
  8 crimson imps
  4 jellies
  4 lava snakes (D:14)
  A quasit (D:7)
  10 hounds
  A giant frog zombie (D:13)
  4 giant frog skeletons
  14 orc priests
  6 iguanas
  30 orc wizards
  3 iron imps
  33 worker ants
  4 hell rats (Lair:4)
  A killer bee zombie (D:8)
  12 sheep
  10 gnolls
  15 adders
  47 river rats
  4 shadow imps
  3 ufetubi
  5 oozes
  4 giant geckos
  118 orcs
  4 giant cockroaches
  8 goblins
  5 hobgoblins
  8 jackals
  8 quokkas
  2 ball pythons
  8 bats
  4 giant newts
  2 jackal skeletons
  5 kobolds
  A quokka skeleton (D:4)
  2 quokka zombies
  21 rats
  A butterfly (D:6)
  A plant (Lair:8)
2478 creatures vanquished.

Vanquished Creatures (collateral kills)
  Maud (Lair:8)
  An ogre mage (D:14)
  A hill giant (D:14)
  3 two-headed ogres
  Grum (D:8)
  3 ogres
  2 orcs
12 creatures vanquished.

Vanquished Creatures (others)
  A death cob (Zot:3)
  An eldritch tentacle (Vaults:2)
  A storm dragon (Zot:4)
  A shadow dragon (Zot:4)
  2 draconian knights (Zot:4)
  A draconian shifter (Zot:4)
  A mottled draconian (Zot:4)
  2 white draconians (Zot:4)
  A deep elf annihilator (Elf:3)
  3 yellow draconians (Zot:4)
  5 red draconians (Zot:4)
  2 ice dragons (Zot:4)
  A centaur warrior (D:15)
  An orc high priest (Orc:1)
  A shadow wraith (Vaults:1)
  A deep elf archer (Vaults:3)
  2 deep elf magi
  A moth of wrath (Zot:4)
  5 yaktaurs
  A two-headed ogre (Vaults:3)
  2 dancing weapons
  A spriggan (Depths:4)
  A tarantella (Spider:4)
  A vampire mosquito (Swamp:1)
  A warg (Vaults:3)
  3 ogres
  A wasp (Depths:4)
  3 wolves
  A centaur (Vaults:1)
  An elf skeleton (Vaults:4)
  A human simulacrum (Vaults:2)
  3 orcs
  33 bushes (Lair:8)
  45 eldritch tentacle segments (Vaults:2)
  A fire vortex (Lair:4)
  56 fungi
  60 plants
  4 withered plants (D:15)
252 creatures vanquished.

Grand Total: 2742 creatures vanquished

Notes
Turn   | Place    | Note
--------------------------------------------------------------
     0 | D:1      | Ratboiler the Felid Wanderer began the quest for the Orb.
     0 | D:1      | Ratboiler set off with: a book of Maledictions, 2 potions of lignification, a meat ration
     0 | D:1      | Reached XP level 1. HP: 9/9 MP: 4/4
     2 | D:1      | Learned a level 1 spell: Corona
    65 | D:1      | Reached skill level 2 in Stealth
   381 | D:2      | Found a shadowy altar of Dithmenos.
   506 | D:2      | Became a worshipper of Dithmenos the Shadowed
   600 | D:2      | Reached skill level 3 in Stealth
   600 | D:2      | Reached XP level 2. HP: 12/12 MP: 6/6
   671 | D:2      | Learned a level 2 spell: Ensorcelled Hibernation
   912 | D:2      | Found a faded altar to an unknown god.
  1042 | D:2      | Learned a level 1 spell: Summon Butterflies
  1419 | D:1      | Reached XP level 3. HP: 15/15 MP: 7/7
  1531 | D:1      | Reached skill level 5 in Hexes
  1724 | D:1      | Reached skill level 4 in Stealth
  2272 | D:2      | Reached * piety under Dithmenos
  2387 | D:2      | Reached XP level 4. HP: 19/19 MP: 8/8
  2453 | D:3      | Noticed dvd's ghost (amateur OpTm)
  2629 | D:3      | Slain by dvd's ghost
  2630 | D:3      | Reached XP level 3. HP: -1/22 MP: 1/7
  2841 | D:4      | Noticed Eustachio
  2872 | D:4      | Noticed a slave
  3027 | D:4      | Noticed Dowan
  3210 | D:4      | Noticed an ogre
  3210 | D:4      | Noticed an ogre
  3227 | D:5      | Entered Level 5 of the Dungeon
  3231 | D:5      | Reached XP level 4. HP: 19/19 MP: 8/8
  3313 | D:5      | Noticed an ogre
  3604 | D:5      | Upgraded the game from 0.18-a0-1551-g40744a8 to 0.18-a0-1560-ge216ca8
  3608 | D:5      | Learned a level 3 spell: Dazzling Spray
  3610 | D:5      | Noticed a phantom
  3618 | D:5      | Found a glowing golden altar of the Shining One.
  3694 | D:5      | Found a burning altar of Makhleb.
  3808 | D:5      | Noticed an ogre
  3808 | D:5      | Noticed an ice beast
  3989 | D:6      | Reached XP level 5. HP: 16/22 MP: 0/9
  4441 | D:6      | Gained mutation: You are covered in thick fur (AC +2). [Felid growth]
  4441 | D:6      | Reached XP level 6. HP: 25/25 MP: 3/10
  5072 | D:6      | Found a staircase to the Ecumenical Temple.
  5137 | D:6      | Found Nogh's Serpentskin Sales.
  5139 | D:6      | Noticed a water moccasin
  5430 | D:5      | Reached XP level 7. HP: 28/28 MP: 1/11
  5766 | D:4      | Noticed Pikel
  5940 | D:4      | Reached skill level 5 in Stealth
  5940 | D:4      | Reached skill level 10 in Hexes
  6048 | D:4      | Reached skill level 6 in Stealth
  6074 | D:4      | Noticed Duvessa
  6150 | D:4      | Killed Dowan
  6806 | D:4      | Killed Duvessa
  6806 | D:4      | Reached skill level 7 in Stealth
  6873 | D:4      | Reached ** piety under Dithmenos
  7613 | D:5      | Reached XP level 8. HP: 32/32 MP: 9/12
  7814 | D:5      | Learned a level 3 spell: Confuse
  8253 | D:6      | Reached skill level 8 in Stealth
  8916 | D:7      | Found a basalt altar of Yredelemnul.
  9077 | D:7      | Reached skill level 5 in Unarmed Combat
  9360 | D:7      | Learned a level 3 spell: Tukima's Dance
  9607 | D:7      | Found Hainwu's Distillery.
  9616 | D:7      | Reached skill level 5 in Spellcasting
  9980 | D:7      | Reached XP level 9. HP: 35/35 MP: 16/18
 10165 | D:7      | Reached *** piety under Dithmenos
 10337 | D:8      | Noticed Psyche
 10463 | D:8      | Reached skill level 9 in Stealth
 10658 | D:8      | Noticed Grum
 10876 | D:7      | Slain by a wolf
 10877 | D:7      | Reached XP level 8. HP: 0/32 MP: 0/17
 10936 | D:8      | Killed Grum
 10981 | D:8      | Reached skill level 5 in Dodging
 11974 | D:9      | Reached XP level 9. HP: 32/35 MP: 14/18
 12353 | D:9      | Noticed a hill giant
 13165 | D:9      | Reached skill level 10 in Dodging
 13257 | D:10     | Entered Level 10 of the Dungeon
 13302 | D:10     | Reached XP level 10. HP: 39/39 MP: 13/19
 13340 | D:10     | Noticed a centaur warrior
 13353 | D:10     | Shot with an arrow by a centaur warrior
 13354 | D:10     | Reached XP level 9. HP: -1/35 MP: 18/18
 13446 | D:10     | Reached **** piety under Dithmenos
 13452 | D:10     | Noticed a cyclops
 13633 | D:10     | Noticed a giant orange brain
 13696 | D:11     | Noticed a troll
 13703 | D:11     | Killed a troll
 13746 | D:11     | Found a staircase to the Lair.
 13751 | D:11     | Noticed Maurice
 13771 | D:11     | Killed Maurice
 13937 | D:11     | Noticed a cyclops
 13961 | Lair:1   | Entered Level 1 of the Lair of Beasts
 13970 | Lair:1   | Learned a level 4 spell: Cause Fear
 13979 | Lair:1   | Noticed a six-headed hydra
 14299 | Lair:1   | Noticed a queen ant
 14325 | Lair:1   | Reached XP level 10. HP: 42/42 MP: 14/19
 15090 | Lair:1   | Reached skill level 5 in Fighting
 15279 | Lair:1   | Learned a level 6 spell: Invisibility
 15365 | Lair:1   | Noticed Fannar
 15388 | Lair:1   | Noticed a spiny frog
 15656 | Lair:1   | Killed a queen ant
 16099 | Lair:1   | Reached ***** piety under Dithmenos
 16130 | Lair:1   | Killed a spiny frog
 16191 | Lair:2   | Reached XP level 11. HP: 48/48 MP: 20/20
 16662 | Lair:2   | Noticed Gastronok
 17100 | Lair:3   | Reached skill level 10 in Stealth
 18027 | Lair:4   | Found a frozen archway.
 18204 | Lair:4   | Noticed an eight-headed hydra
 18396 | Lair:4   | Killed an eight-headed hydra
 18396 | Lair:4   | Reached skill level 11 in Stealth
 18633 | Lair:4   | Noticed a death yak
 18995 | Lair:5   | Noticed a griffon
 19017 | Lair:5   | Killed a griffon
 19077 | Lair:5   | Found a staircase to the Swamp.
 19078 | Lair:5   | Noticed a swamp dragon
 19084 | Lair:5   | Learned a level 1 spell: Apportation
 19174 | Lair:5   | Gained mutation: Your thick and shaggy fur keeps you warm (AC +3, rC+). [Felid growth]
 19174 | Lair:5   | Reached XP level 12. HP: 55/55 MP: 9/21
 19377 | Lair:5   | Reached skill level 10 in Unarmed Combat
 19410 | Lair:5   | Found an ancient bone altar of Kikubaaqudgha.
 19749 | Lair:6   | Noticed an eight-headed hydra
 19978 | Lair:6   | Noticed Snorg
 20985 | Lair:7   | Noticed a six-headed hydra
 20998 | Lair:8   | Entered Level 8 of the Lair of Beasts
 21126 | Lair:8   | Noticed Maud
 21161 | Lair:8   | Killed Maud
 21231 | Lair:8   | Reached skill level 10 in Fighting
 21588 | Lair:8   | Reached ****** piety under Dithmenos
 21596 | Lair:8   | Found a staircase to the Slime Pits.
 22080 | Lair:8   | Reached XP level 13. HP: 53/62 MP: 12/22
 23527 | Lair:5   | Found a hole to the Spider Nest.
 23550 | Lair:5   | Gained mutation: Your flesh is heat resistant. [potion of mutation]
 23550 | Lair:5   | Gained mutation: You are weak. (Str -2) [potion of mutation]
 23550 | Lair:5   | Gained mutation: You possess an exceptional clarity of mind. [potion of mutation]
 25512 | D:12     | Noticed Erolcha
 25516 | D:12     | Killed Erolcha
 25546 | D:12     | Found an ancient bone altar of Kikubaaqudgha.
 25547 | D:12     | Found Suafyraf's Sacrilege Store.
 25567 | D:12     | Bought a book of Necromancy for 420 gold pieces
 25572 | D:12     | Found a blossoming altar of Fedhas.
 25622 | D:12     | Noticed Rupert
 25625 | D:12     | Paralysed by Rupert for 4 turns
 25629 | D:12     | HP: 3/65 [Rupert/battleaxe of electrocution (14)]
 26077 | D:12     | Found Tamuzufi's Armour Boutique.
 26223 | D:13     | Identified a scroll of acquirement
 26391 | D:13     | Noticed a vault guard
 26509 | D:13     | Found a shimmering altar of Xom.
 26509 | D:13     | Found a shimmering altar of Xom.
 26520 | D:13     | Found a shimmering altar of Xom.
 26658 | D:13     | Reached XP level 14. HP: 70/70 MP: 21/23
 26831 | D:13     | Found Soiwuoh's Assorted Antiques.
 26850 | D:13     | Bought a crude brass ring for 125 gold pieces
 26850 | D:13     | Bought a potion of curing for 75 gold pieces
 26850 | D:13     | Bought a runed jade ring for 125 gold pieces
 26850 | D:13     | Bought a scroll of identify for 50 gold pieces
 26864 | D:13     | Identified the ring of Izobarat {Fire MR+ MP+9 Int+2} (You bought it in a shop on level 13 of the Dungeon)
 27705 | D:14     | Noticed Chiseanne's ghost (journeyman SpAs)
 27710 | D:14     | Killed Chiseanne's ghost
 28169 | D:14     | Found Berhoc's Jewellery Shoppe.
 28354 | D:14     | Bought an uncursed amulet of guardian spirit for 330 gold pieces
 29256 | Swamp:1  | Entered Level 1 of the Swamp
 29362 | Swamp:1  | Noticed Donald
 29505 | Swamp:1  | Noticed Nikola
 29865 | Swamp:3  | Noticed a thorn hunter
 30104 | Swamp:4  | Entered Level 4 of the Swamp
 30167 | Swamp:4  | Reached skill level 15 in Dodging
 30349 | Swamp:4  | Noticed a thorn hunter
 30382 | Swamp:4  | Reached skill level 15 in Fighting
 30547 | Swamp:4  | Killed a thorn hunter
 30761 | Swamp:4  | Identified the Grimoire of the Snowflakes
 30766 | Swamp:4  | Learned a level 3 spell: Ozocubu's Armour
 30797 | Swamp:4  | Reached skill level 1 in Charms
 31644 | Swamp:4  | Reached skill level 5 in Charms
 32046 | Swamp:4  | Reached XP level 15. HP: 77/77 MP: 24/24
 32087 | Swamp:4  | Gained mutation: Your spells are a little easier to cast, but a little less powerful. [mutagenic glow]
 32578 | Swamp:4  | HP: 1/115 [slime creature (14)]
 32917 | Swamp:4  | Noticed a thorn hunter
 33361 | Swamp:4  | Killed a thorn hunter
 34116 | Swamp:4  | Noticed the 27-headed Lernaean hydra
 34143 | Swamp:4  | Slain by the 27-headed Lernaean hydra
 34144 | Swamp:4  | Reached XP level 14. HP: 0/73 MP: 0/36
 34365 | Swamp:4  | Got a decaying rune of Zot
 34895 | Spider:1 | Entered Level 1 of the Spider Nest
 35581 | Spider:1 | Noticed Aizul
 35866 | Spider:2 | Learned a level 2 spell: Cure Poison
 35869 | Spider:2 | Learned a level 2 spell: Repel Missiles
 37767 | Spider:3 | Reached XP level 15. HP: 42/77 MP: 2/28
 37972 | Spider:4 | Entered Level 4 of the Spider Nest
 39137 | Spider:4 | Reached skill level 15 in Unarmed Combat
 39259 | Spider:4 | Noticed Kirke
 39289 | Spider:4 | Reached skill level 1 in Conjurations
 39597 | Spider:4 | Noticed a ghost moth
 39608 | Spider:4 | Killed a ghost moth
 39779 | Spider:4 | Reached skill level 5 in Conjurations
 39780 | Spider:4 | Noticed a ghost moth
 39792 | Spider:4 | Killed a ghost moth
 39878 | Spider:4 | Got a gossamer rune of Zot
 41531 | Lair:8   | Identified the Guide on the Twisted Snowflakes (You found it on level 8 of the Lair of Beasts)
 41880 | D:9      | Found a blossoming altar of Fedhas.
 42157 | D:9      | Found a shimmering altar of Xom.
 42667 | D:10     | Noticed Nergalle
 42752 | D:12     | Reached XP level 16. HP: 81/81 MP: 29/29
 42930 | D:12     | Found a staircase to the Orcish Mines.
 43092 | Orc:1    | Entered Level 1 of the Orcish Mines
 43587 | Orc:2    | Entered Level 2 of the Orcish Mines
 43606 | Orc:2    | Found a staircase to the Elven Halls.
 44054 | Orc:2    | Found Setir's Magic Scroll Shoppe.
 44071 | Orc:2    | Bought a scroll of amnesia for 56 gold pieces
 44219 | Orc:2    | Found an ancient bone altar of Kikubaaqudgha.
 44256 | Orc:2    | Found a radiant altar of Vehumet.
 44282 | Orc:2    | Found a roughly hewn altar of Beogh.
 44282 | Orc:2    | Found Wotizxoe's Gadget Shoppe.
 44286 | Orc:2    | Found Qageroys's Gadget Emporium.
 44386 | Orc:2    | Found Qioshresh's Antique Weapon Shoppe.
 44474 | Orc:2    | Reached skill level 10 in Conjurations
 45141 | D:13     | Found a gate to the Vaults.
 45441 | D:14     | Found Ysaodit's Distillery.
 45628 | D:14     | Found Wicau's Jewellery Shoppe.
 45683 | D:14     | Found Apteis's General Store.
 45691 | D:14     | Bought 2 potions of heal wounds for 150 gold pieces
 45704 | D:14     | Bought a potion of brilliance for 56 gold pieces
 45704 | D:14     | Bought a potion of curing for 42 gold pieces
 45704 | D:14     | Bought a potion of heal wounds for 70 gold pieces
 45704 | D:14     | Bought 2 potions of heal wounds for 140 gold pieces
 45704 | D:14     | Bought a potion of curing for 42 gold pieces
 45704 | D:14     | Bought 2 potions of berserk rage for 140 gold pieces
 46027 | D:15     | Entered Level 15 of the Dungeon
 46115 | D:15     | Found Naxavic's Food Emporium.
 47190 | D:15     | Found a staircase to the Depths.
 49057 | Vaults:1 | Entered Level 1 of the Vaults
 49969 | Vaults:1 | Found Omaegal's Antique Weapon Emporium.
 50008 | Vaults:1 | Reached XP level 17. HP: 66/85 MP: 27/30
 50181 | Vaults:1 | Noticed Norris
 52103 | Vaults:2 | Found Gozag's Antique Armour Emporium.
 52157 | Vaults:2 | Found Gozag's Assorted Antiques.
 52163 | Vaults:2 | Found an opulent altar of Gozag.
 52212 | Vaults:2 | Noticed Sojobo
 53393 | Vaults:2 | Reached skill level 15 in Conjurations
 53967 | Vaults:2 | Identified the Compendium of Damaging Weightlessness (You found it on level 2 of the Vaults)
 54964 | Vaults:2 | Paralysed by a Zot trap for 5 turns
 55155 | Vaults:2 | Noticed Asterion
 55909 | Vaults:2 | Reached XP level 18. HP: 59/89 MP: 26/31
 56581 | Vaults:2 | Found Gozag's Antique Armour Emporium.
 57304 | Vaults:3 | Noticed Saint Roka
 57601 | D:13     | Learned a level 7 spell: Orb of Destruction
 61270 | Vaults:3 | Reached skill level 10 in Spellcasting
 61398 | Vaults:3 | Learned a level 6 spell: Freezing Cloud
 61488 | Vaults:3 | Reached skill level 1 in Ice Magic
 61488 | Vaults:3 | Reached skill level 1 in Air Magic
 62672 | Vaults:2 | Killed Asterion
 62953 | Vaults:3 | Reached XP level 19. HP: 70/93 MP: 4/34
 63899 | Vaults:2 | Reached skill level 5 in Ice Magic
 63903 | Vaults:2 | Reached skill level 5 in Air Magic
 63983 | Vaults:2 | Killed Saint Roka
 64957 | Vaults:2 | Killed Sojobo
 67523 | Vaults:3 | Found a staircase to the Crypt.
 67523 | Vaults:3 | Found a basalt altar of Yredelemnul.
 67524 | Vaults:3 | Found an ancient bone altar of Kikubaaqudgha.
 68465 | Vaults:4 | Found Bemu's Antique Weapon Boutique.
 69362 | Vaults:4 | Reached skill level 10 in Ice Magic
 69430 | Vaults:4 | Noticed a lich
 69440 | Vaults:4 | HP: 3/93 [frost giant/battleaxe of freezing (4)]
 69826 | Vaults:3 | Reached skill level 12 in Stealth
 69826 | Vaults:3 | Reached XP level 20. HP: 90/97 MP: 29/35
 71072 | Vaults:4 | Reached skill level 13 in Stealth
 72340 | Vaults:4 | Reached skill level 14 in Stealth
 75174 | Vaults:4 | Learned a level 6 spell: Iron Shot
 75769 | Depths:1 | Entered Level 1 of the Depths
 75773 | Depths:1 | Found a gateway to a ziggurat.
 75789 | Depths:1 | Reached skill level 1 in Earth Magic
 77340 | Depths:1 | Found a gateway to Hell.
 77489 | Depths:1 | Found a one-way gate to the infinite horrors of the Abyss.
 78060 | Depths:2 | Noticed Margery
 78072 | Depths:2 | Killed Margery
 78072 | Depths:2 | Reached XP level 21. HP: 86/100 MP: 13/38
 78770 | Depths:2 | Reached skill level 5 in Earth Magic
 80190 | Depths:2 | Got a crude ivory ring
 81377 | Depths:3 | Identified the ring of Ephemeral Luck {*Tele rElec} (You took it off a hell knight on level 2 of the Depths)
 81520 | Depths:3 | Reached skill level 1 in Invocations
 81750 | Depths:3 | Found a one-way gate leading to the halls of Pandemonium.
 82906 | Depths:3 | Reached skill level 5 in Invocations
 83924 | Depths:3 | Noticed a caustic shrike
 83930 | Depths:3 | Killed a caustic shrike
 84017 | Depths:3 | Noticed a golden dragon
 84805 | Depths:3 | Upgraded the game from 0.18-a0-1560-ge216ca8 to 0.18-a0-1562-gac8da35
 85293 | Depths:4 | Noticed a caustic shrike
 85300 | Depths:4 | Found a runed gate.
 85300 | Depths:4 | Found a runed gate.
 85300 | Depths:4 | Found a runed gate.
 86176 | Depths:4 | HP: 1/100 [spriggan defender/demon whip of electrocution (17)]
 86234 | Depths:4 | Reached XP level 22. HP: 34/105 MP: 25/39
 86811 | Depths:4 | Noticed the Enchantress
 87162 | Depths:5 | Entered Level 5 of the Depths
 87183 | Depths:5 | Found Loeruss's Magic Scroll Shoppe.
 87189 | Depths:5 | Bought a scroll of identify for 46 gold pieces
 87189 | Depths:5 | Bought a scroll of identify for 46 gold pieces
 87189 | Depths:5 | Bought a scroll of acquirement for 1196 gold pieces
 87189 | Depths:5 | Bought a scroll of fog for 46 gold pieces
 87189 | Depths:5 | Bought a scroll of fear for 80 gold pieces
 87189 | Depths:5 | Bought a scroll of identify for 46 gold pieces
 87189 | Depths:5 | Bought a scroll of fog for 46 gold pieces
 87189 | Depths:5 | Bought a scroll of fear for 80 gold pieces
 87189 | Depths:5 | Bought a scroll of identify for 46 gold pieces
 87190 | Depths:5 | Got a shimmering sapphire amulet
 87191 | Depths:5 | Identified the amulet of the Madman {Reflect rF+ SH+4} (You acquired it on level 5 of the Depths)
 87231 | Depths:5 | Reached skill level 10 in Invocations
 87378 | Depths:5 | Killed a caustic shrike
 88228 | Depths:5 | Noticed Mennas
 88772 | Depths:5 | Noticed Frederick
 88787 | Depths:5 | Killed Frederick
 89350 | Depths:5 | Found Ruhath's General Store.
 90025 | Depths:4 | Learned a level 2 spell: Swiftness
 90795 | Elf:1    | Entered Level 1 of the Elven Halls
 90813 | Elf:1    | Found a radiant altar of Vehumet.
 91519 | Elf:1    | HP: 5/105 [halberd of protection (28)]
 91918 | Elf:1    | Reached skill level 15 in Stealth
 92255 | Elf:1    | Identified the Grimoire of Attacks (You found it on level 1 of the Elven Halls)
 92298 | Elf:2    | Found an ancient bone altar of Kikubaaqudgha.
 92416 | Elf:1    | Learned a level 5 spell: Metabolic Englaciation
 92418 | Elf:1    | Learned a level 1 spell: Magic Dart
 92435 | Elf:1    | Reached skill level 16 in Stealth
 92896 | Elf:2    | Reached skill level 17 in Stealth
 93053 | Elf:3    | Entered Level 3 of the Elven Halls
 93243 | Elf:2    | Found a runed gate.
 93243 | Elf:2    | Found a runed gate.
 93247 | Elf:2    | Found a runed gate.
 93514 | Elf:2    | Reached skill level 18 in Stealth
 93763 | Elf:2    | Reached XP level 23. HP: 108/108 MP: 40/40
 94474 | Elf:3    | Reached skill level 19 in Stealth
 95610 | Elf:3    | Reached skill level 20 in Stealth
 95735 | Elf:3    | Got a scorched brass ring
 96461 | Elf:2    | Learned a level 5 spell: Iskenderun's Battlesphere
 96536 | Elf:3    | Identified the ring of Nihilism {Ice rPois Slay+3} (You took it off a deep elf annihilator on level 3 of the Elven Halls)
 96644 | Elf:3    | Identified the Volume of Unstable Conjuration
 97351 | Vaults:5 | Entered Level 5 of the Vaults
 97654 | Vaults:1 | Reached skill level 21 in Stealth
 99045 | Vaults:4 | Reached skill level 22 in Stealth
101226 | Vaults:5 | HP: 4/162 [tentacled monstrosity (5)]
101227 | Vaults:5 | Killed from afar by a deep elf high priest
101228 | Vaults:5 | Reached XP level 22. HP: -3/157 MP: 0/48
101370 | Vaults:5 | Reached skill level 23 in Stealth
103309 | Vaults:5 | Reached skill level 24 in Stealth
103383 | Vaults:5 | Reached XP level 23. HP: 108/108 MP: 19/40
103724 | Vaults:5 | Got a silver rune of Zot
104006 | D:13     | Killed Norris
105796 | Depths:4 | Reached skill level 25 in Stealth
107918 | Depths:5 | Reached skill level 26 in Stealth
108530 | Depths:5 | Found a gate to the Realm of Zot.
108539 | Zot:1    | Entered Level 1 of the Realm of Zot
108725 | Zot:1    | HP: 2/108 [tentacled monstrosity (4)]
108725 | Zot:1    | Slain by a tentacled monstrosity
108726 | Zot:1    | Reached XP level 22. HP: -3/105 MP: 0/48
108823 | Zot:1    | Noticed a golden dragon
108826 | Zot:1    | Killed a golden dragon
109480 | Zot:1    | Reached skill level 27 in Stealth
109547 | Zot:1    | Noticed a curse toe
111019 | Zot:1    | Killed a curse toe
111108 | Zot:2    | Reached XP level 23. HP: 94/111 MP: 24/40
111698 | Zot:2    | Noticed an orb of fire
115364 | Zot:4    | Noticed a curse toe
116897 | Zot:4    | Killed a curse toe
117232 | Zot:4    | Reached XP level 24. HP: 114/117 MP: 29/40
117632 | Zot:4    | Noticed an orb of fire
119182 | Zot:5    | Entered Level 5 of the Realm of Zot
120421 | Zot:5    | Noticed an ancient lich
120431 | Zot:5    | Killed an ancient lich
120544 | Zot:5    | Noticed an ancient lich
121258 | Zot:5    | Noticed an ancient lich
121261 | Zot:5    | Killed an ancient lich
121520 | Zot:5    | Learned a level 5 spell: Summon Mana Viper
121524 | Zot:5    | Learned a level 3 spell: Regeneration
121600 | Zot:5    | Noticed an orb of fire
121616 | Zot:5    | Noticed an orb of fire
121617 | Zot:5    | Gained mutation: You occasionally shout uncontrollably at your foes. [an orb of fire]
121916 | Zot:5    | Noticed an ancient lich
121944 | Zot:5    | Killed an ancient lich
121970 | Zot:5    | Noticed an ancient lich
122209 | Zot:5    | Killed an ancient lich
122515 | Zot:5    | Killed from afar by an orb of fire
122516 | Zot:5    | Reached XP level 23. HP: 0/112 MP: 0/49
122523 | Zot:5    | Noticed a Killer Klown
122536 | Zot:5    | Gained mutation: Your body sometimes deteriorates upon taking damage. [an orb of fire]
122540 | Zot:5    | HP: 5/112 [orb of fire/fireball (31)]
122541 | Zot:5    | Killed an orb of fire
122931 | Zot:5    | Noticed a Killer Klown
122942 | Zot:5    | Killed a Killer Klown
123073 | Zot:5    | Noticed a Killer Klown
123285 | Zot:5    | Reached XP level 24. HP: 117/117 MP: 37/40
123441 | Zot:5    | Slain by an Orb Guardian

Vault maps used:
D:1:      lemuel_arrival_river_ford
D:2:      minmay_kobold_bridge, ecumenical_altar_1, minmay_tree_intersection,
          minmay_stone_trees_small, nicolae_dithmenos_shadow_blocks
D:3:      nicolae_overflow_crystal_walls, first_bread, gup_sewer_entry_pipe
D:4:      minmay_rat_hole, uniq_duvessa, uniq_pikel, uniq_eustachio
D:5:      makhleb_heckhound_becter, lemuel_doored_altar,
          nicolae_ru_the_path_less_chosen, tgw_trog
D:6:      minmay_temple_entry_butterflies, guppyfry_shop_venom
D:7:      yredelemnul_forgotten_temple_becter, serial_shops, shop,
          grunt_livestock
D:8:      kennysheep_spiral_hall, uniq_psyche, uniq_grum
D:9:      fedhas_altar_4, marbit_many_paths, serial_glass, glass_columns_a,
          glass_columns_c, glass_columns_b, glass_columns_a, glass_columns_a,
          glass_columns_a, glass_columns_c, glass_columns_b, glass_columns_b,
          glass_columns_a, glass_columns_b, glass_columns_a, glass_columns_c,
          glass_columns_b, minmay_strange_pillars, kennysheep_big_empty_room
D:10:     minmay_cut_squares, uniq_nergalle
D:11:     lair_0_dummy, kennysheep_nub, st_stairs_12, uniq_maurice
D:12:     kennysheep_orc_monster_closet_entryway, basic_altar, serial_shops,
          nicolae_shop_waterfront, nicolae_evil_shop, uniq_rupert, uniq_erolcha
D:13:     grunt_vaults_entry_tiered, serial_shops, shop_coins, minivault_5,
          xom_shifter_show
D:14:     cheibrodos_magma_flow, minmay_staircase_windowed_large, serial_shops,
          nicolae_shop_waterfront, nicolae_shop_waterfront, shop,
          nicolae_shop_stone, minmay_holes
D:15:     gammafunk_depths_entry_grave, serial_park_avenue1, serial_shops,
          nicolae_shop_scaring_up_business,
          hangedman_abyss_or_decor_lesser_grid, corexii_corridor_pit,
          hangedman_abyss_or_decor_stabs
Lair:1:   minivault_29, uniq_fannar
Lair:2:   grunt_megastairs_2, lemuel_fruit_tree, serial_bayou_shore_a,
          uniq_gastronok
Lair:4:   special_room, portal_ice_cave_entry_pillars_03, beast_lair_carwin_8
Lair:5:   minmay_swamp_entry_reptiles, spider_nest_entry_a, basic_altar,
          st_stairs_5
Lair:6:   minivault_27, uniq_snorg
Lair:7:   ldierk_geyser
Lair:8:   grunt_lair_end_beastmaster, nicolae_slime_entry_slimehenge,
          minmay_hedge_maze, eino_small_chamber_without_monster,
          infiniplex_staircase_pool_2, serial_bayou_shore_b, uniq_maud
Swamp:1:  nicolae_swamp_treefoil, uniq_donald, uniq_josephine, uniq_nikola
Swamp:2:  evilmike_swamp_ruin_house_4, uniq_jorgrun
Swamp:3:  evilmike_swamp_ruin_house_5, swamp_pool1
Swamp:4:  swamp_old_school, swamp_pool4, infiniplex_staircase_pool
Spider:1: hive_lemuel, uniq_aizul
Spider:2: spider_trap, guppyfry_spider_mini_1
Spider:3: uniq_louise
Spider:4: spider_rune_water, uniq_kirke
Orc:2:    kennysheep_orc_mage_school
Elf:1:    eino_elf_arrival_altar, minmay_elf_sorcery,
          kennysheep_underground_church
Elf:2:    basic_altar
Elf:3:    minmay_elf_hall_quartered_circle, amalloy_card_club
Vaults:1: nicolae_vaults_know_your_exits, v_misc_33, nicolae_vaults_big_ls,
          ontoclasm_vaults_chip, v_rooms_6, serial_ice_b, vaults_room_hallway,
          v_misc_5, grunt_vaults_hallway_short,
          ontoclasm_vaults_decontamination, v_misc_33, serial_shops, shop,
          uniq_norris
Vaults:2: grunt_vaults_swirl, kennysheep_vaults_gozag_temple,
          nicolae_vaults_windows_and_doors_thing, dpeg_vaults_monster_box,
          ontoclasm_vaults_chip, nicolae_vaults_three_branches,
          hangedman_vaults_slice, vaults_dpeg_diagonal, uniq_sojobo,
          uniq_asterion
Vaults:3: nicolae_vaults_branching_niches, minmay_crypt_entry_necro_gods,
          hangedman_vaults_stitches, ontoclasm_vaults_chip, v_pattern_5,
          nicolae_vaults_big_angled_halls, v_misc_24, vaults_room_large_hall,
          serial_ice_g, uniq_saint_roka
Vaults:4: vaults_dpeg_encased_lava, vaults_mumra_minichess_inversion,
          vaults_mumra_chevron_long, dpeg_vaults_monster_row,
          nicolae_vaults_what_the_h, hangedman_vaults_variations,
          ontoclasm_vaults_eye, ontoclasm_vaults_gateway,
          nicolae_vaults_little_squares_4, vaults_room_guarded_vault,
          hangedman_vaults_maws, nicolae_vaults_little_squares_2,
          nicolae_vaults_hallways_thing, serial_shops, nicolae_shop_trees,
          nicolae_shop_temple_entry_statues_fountains, shop
Vaults:5: serial_shops
Depths:1: enter_ziggurat_b, abyss_entry_small_statue_room,
          grunt_hell_entry_dis_grunt, hex_large, minmay_misc_feat_diagonals,
          evilmike_minifort
Depths:2: cross_vault, grunt_metal_band, hangedman_decor_clover_reticule,
          infiniplex_staircase_split_hallway, serial_bayou_shore_b
Depths:3: kennysheep_large_spiral, hangedman_decor_lopped, hell_entry,
          grunt_pan_entry_sceptre, abyss_entry, st_stairs_3,
          infiniplex_staircase_x
Depths:4: kennysheep_treasure_stockpile, hellmouth_1, abyss_entry,
          kennysheep_cross_bottleneck, uniq_enchantress
Depths:5: evilmike_zot_entry_gauntlet, serial_shops, shop, shop, hell_entry,
          serial_sigils_hangedman_scratch, spider_trap, serial_bayou_ford_a,
          serial_bayou_shore_b, uniq_mennas, uniq_frederick
Zot:1:    hangedman_zot_wheel_spokes, grunt_megastairs_3
Zot:2:    grunt_megastairs_4
Zot:3:    st_stairs_4
Zot:4:    grunt_zot_stairs_faceoff, nrook_zot_tub

Skill      XL: |  1  2  3  4  5  6  7  8  9 10 11 12 13 14 15 16 17 18 19 20 21 22 23 24 |
---------------+-------------------------------------------------------------------------+-----
Stealth        | 3 4 7 8 9 11 12 14 27 26 | 27.0
Hexes          | 7 8 9 10 11 13 14 | 14.0
Unarmed Combat | 2 3 4 5 6 8 9 11 12 14 15 16 18 | 18.0
Spellcasting   | 5 8 10 12 | 12.0
Dodging        | 6 11 13 15 17 19 21 23 | 23.1
Fighting       | 3 6 8 10 13 15 16 17 | 17.0
Charms         | 5 |  5.0
Conjurations   | 8 13 16 17 19 | 19.5
Ice Magic      | 4 10 | 10.1
Air Magic      | 4 8 |  8.0
Earth Magic    | 4 7 |  7.4
Invocations    | 8 11 | 11.0
Evocations     | |  1.1

Action                   |  1- 3 |  4- 6 |  7- 9 | 10-12 | 13-15 | 16-18 | 19-21 | 22-24 || total
-------------------------+-------+-------+-------+-------+-------+-------+-------+-------++-------
Melee: Unarmed           |    99 |    59 |   238 |   260 |  1219 |  1649 |   875 |  1007 ||  5406
 Cast: Corona            |    10 |     3 |       |       |       |       |       |       ||    13
       Ensorcelled Hiber |    28 |    38 |   126 |   192 |   408 |    51 |    44 |     3 ||   890
       Dazzling Spray    |       |    23 |    48 |    35 |    66 |    34 |       |     1 ||   207
       Summon Butterflie |       |     1 |     6 |       |       |       |    10 |       ||    17
       Confuse           |       |       |    41 |    23 |   219 |   199 |    97 |     9 ||   588
       Tukima's Dance    |       |       |    15 |     2 |    12 |       |       |       ||    29
       Apportation       |       |       |       |     5 |       |       |       |     1 ||     6
       Invisibility      |       |       |       |     4 |    14 |    54 |    55 |    84 ||   211
       Ozocubu's Armour  |       |       |       |       |     5 |       |       |       ||     5
       Cure Poison       |       |       |       |       |     2 |       |       |       ||     2
       Repel Missiles    |       |       |       |       |     1 |     4 |     8 |    11 ||    24
       Orb of Destructio |       |       |       |       |       |    80 |   331 |   687 ||  1098
       Freezing Cloud    |       |       |       |       |       |       |    42 |    72 ||   114
       Iron Shot         |       |       |       |       |       |       |    18 |    47 ||    65
       Magic Dart        |       |       |       |       |       |       |       |    13 ||    13
       Swiftness         |       |       |       |       |       |       |       |    11 ||    11
       Iskenderun's Batt |       |       |       |       |       |       |       |     3 ||     3
Invok: Shadow Form       |       |       |       |       |       |       |       |     1 ||     1
Evoke: Wand              |       |       |     1 |     5 |    12 |     1 |    14 |    14 ||    47
  Use: Scroll            |     3 |     1 |    12 |    10 |    17 |    12 |    14 |    27 ||    96
       Potion            |     1 |     1 |       |     1 |    13 |     5 |    16 |    18 ||    55
 Stab: Sleeping          |    32 |    26 |   108 |   152 |   280 |   113 |    74 |   106 ||   891
       Invisible         |       |       |     3 |     7 |    28 |   158 |   154 |   129 ||   479
       Confused          |       |       |    16 |     9 |    87 |    74 |    34 |     5 ||   225
       Distracted        |       |       |     2 |     1 |     7 |    11 |     4 |     9 ||    34
       Held in net/web   |       |       |       |       |     1 |       |       |       ||     1
       Petrifying        |       |       |       |       |       |     1 |       |       ||     1
  Eat: Chunk             |     7 |    19 |    38 |    21 |    46 |   110 |   190 |   261 ||   692
       Beef jerky        |       |       |       |       |     5 |       |     4 |     3 ||    12
       Pizza             |       |       |       |       |       |       |    14 |       ||    14
       Royal jelly       |       |       |       |       |       |       |     3 |     3 ||     6
       Meat ration       |       |       |       |       |       |       |       |    23 ||    23
